[Event "Titled Tuesday Blitz May 16 Early 2023"]
[White "Bartel, Michal"]
[Black "Rottenwohrer Suarez, Juan"]
[WhiteFideId "1119257"]
[BlackFideId "32068182"]
[WhiteElo "2282"]
[BlackElo "2174"]
[Result "1-0"]
[Round "04"]
[TimeControl "180+2"]
[Date "2023.05.16"]
[WhiteClock "0:01:07"]
[BlackClock "0:00:00"]

1. e4 c5 2. Ne2 g6 3. g3 Nc6 4. Bg2 Bg7 5. c3 e5 6. d3 Nge7 7. Be3 b6 8. d4 exd4 9. cxd4 O-O 10. Nbc3 d6 11. O-O Ba6 12. Re1 Rc8 13. Qa4 Bb7 14. Rad1 Qc7 15. Nb5 Qb8 16. Bf4 Nxd4 17. Nexd4 Be5 18. Bxe5 dxe5 19. Ne2 Rcd8 20. Qxa7 Qxa7 21. Nxa7 Ra8 22. Nb5 1-0


[Site "https://www.chess.com"]

[Event "Titled Tuesday Blitz May 16 Early 2023"]
[White "LangesNasenhaar"]
[Black "Mortazavi, Ali"]
[BlackFideId "401323"]
[WhiteElo "2413"]
[BlackElo "2339"]
[Result "1-0"]
[Round "04"]
[TimeControl "180+2"]
[Date "2023.05.16"]
[WhiteClock "0:00:10"]
[BlackClock "0:00:00"]

1. d4 Nf6 2. Nc3 d5 3. Bf4 e6 4. Nb5 Na6 5. e3 Be7 6. Nf3 O-O 7. Ne5 c6 8. Nc3 c5 9. a3 cxd4 10. exd4 Qb6 11. Rb1 Ne4 12. Nxe4 dxe4 13. c3 f6 14. Nc4 Qd8 15. Be2 b6 16. O-O Bb7 17. h3 Rc8 18. Ne3 g5 19. Bh2 f5 20. Qa4 Nb8 21. Qxa7 Bc6 22. Nc4 Bd5 23. Nxb6 Rc6 24. Nxd5 exd5 25. Be5 Nd7 26. Bb5 Qc8 27. Bxc6 Qxc6 28. Qc7 Qe6 29. a4 f4 30. f3 Nb6 31. a5 Nc4 32. a6 Bd8 33. Qb7 Bb6 34. a7 Bxa7 35. Qxa7 Rf7 36. Qb8+ Rf8 37. b3 Nd2 38. Qd6 1-0


[Site "https://www.chess.com"]

[Event "Titled Tuesday Blitz May 16 Early 2023"]
[White "Filgueira, Hernan"]
[Black "Yosha_Iglesias"]
[WhiteFideId "101770"]
[WhiteElo "2363"]
[BlackElo "2410"]
[Result "1-0"]
[Round "04"]
[TimeControl "180+2"]
[Date "2023.05.16"]
[WhiteClock "0:01:10"]
[BlackClock "0:00:00"]

1. c4 b6 2. e4 Bb7 3. Nc3 e6 4. d3 c5 5. Nf3 d6 6. g3 a6 7. Bg2 Nd7 8. O-O Ngf6 9. Nh4 Be7 10. e5 Bxg2 11. exf6 Bxf1 12. fxe7 Qxe7 13. Kxf1 O-O 14. Qe2 Rad8 15. Nf5 Qf6 16. Nxd6 Ne5 17. Nde4 Qf5 18. Be3 Qh3+ 19. Kg1 Ng4 20. f3 Ne5 21. Rd1 Qh5 22. Kg2 Rd7 23. d4 cxd4 24. Rxd4 Rfd8 25. Rxd7 Rxd7 26. Bxb6 Rd3 27. Be3 f5 28. Nf2 Rd7 29. Bf4 1-0


[Site "https://www.chess.com"]

[Event "Titled Tuesday Blitz May 16 Early 2023"]
[White "Petrova, Irina"]
[Black "Han, Yichen"]
[WhiteFideId "14124122"]
[BlackFideId "1054430"]
[WhiteElo "2084"]
[BlackElo "2342"]
[Result "0-1"]
[Round "04"]
[TimeControl "180+2"]
[Date "2023.05.16"]
[WhiteClock "0:00:00"]
[BlackClock "0:00:05"]

1. e4 e5 2. Nf3 Nc6 3. Bb5 a6 4. Ba4 b5 5. Bb3 Na5 6. d4 exd4 7. Qxd4 Nf6 8. e5 c5 9. Qd1 c4 10. exf6 Qxf6 11. O-O h6 12. Qe1+ Be7 13. Qxa5 cxb3 14. axb3 Bb7 15. Qc3 Qg6 16. Nbd2 O-O 17. Re1 Rae8 18. Qd3 Qc6 19. Nf1 Bf6 20. Rxe8 Rxe8 21. Bd2 Bxb2 22. Re1 Rc8 23. Ng3 g6 24. Bxh6 Qxc2 25. Qxc2 Rxc2 26. h3 f6 27. Be3 Bd5 28. Nd4 Rc8 29. Rb1 Ba3 30. Nge2 g5 31. Rd1 Bf7 32. Bc1 Bf8 33. Bb2 d5 34. Nf5 Be6 35. Neg3 Kf7 0-1


[Site "https://www.chess.com"]

[Event "Titled Tuesday Blitz May 16 Early 2023"]
[White "KVAIDAN"]
[Black "Shevtchenko, Olesya"]
[BlackFideId "24131890"]
[WhiteElo "2401"]
[BlackElo "2003"]
[Result "0-1"]
[Round "04"]
[TimeControl "180+2"]
[Date "2023.05.16"]
[WhiteClock "0:00:28"]
[BlackClock "0:00:21"]

1. f4 e5 2. e4 d5 3. exd5 exf4 4. Nc3 Qh4+ 5. Ke2 Bd6 6. Nf3 Bg4 7. Qe1 Qe7+ 8. Kd1 Nd7 9. Bb5 O-O-O 10. d4 Qf6 11. Qf2 Nh6 12. Ne4 Qg6 13. Nxd6+ Qxd6 14. c4 Nf5 15. Kc2 Rhe8 16. Bxd7+ Rxd7 17. Ne5 Nxd4+ 18. Qxd4 Rxe5 19. Bxf4 Re2+ 20. Kc3 Qg6 21. Rac1 Rde7 22. Rhf1 Re8 23. h3 Bd7 24. g4 a5 25. Rf3 a4 26. d6 cxd6 27. Bxd6 Bc6 28. Rd3 Rd8 29. c5 Qe6 30. Qc4 Qxc4+ 31. Kxc4 Rxb2 32. Re3 b5+ 33. Kc3 Rxa2 34. Kb4 Rd7 35. Ka5 Kb7 36. Rf3 Bxf3 37. Rf1 Bc6 38. Re1 a3 39. Re8 Rxd6 40. cxd6 Bxe8 41. Kb4 Ra1 42. Kb3 a2 43. Kb2 Rd1 44. Kxa2 Rxd6 45. Kb3 Rd4 46. Kc3 Rf4 47. Kd3 g5 48. Ke3 f6 49. h4 Rxg4 50. h5 Bxh5 0-1


[Site "https://www.chess.com"]

[Event "Titled Tuesday Blitz May 16 Early 2023"]
[White "Altman, Joshua"]
[Black "Gurevich, Dmitry"]
[WhiteFideId "426210"]
[BlackFideId "2000407"]
[WhiteElo "2028"]
[BlackElo "2506"]
[Result "0-1"]
[Round "04"]
[TimeControl "180+2"]
[Date "2023.05.16"]
[WhiteClock "0:00:05"]
[BlackClock "0:00:11"]

1. d4 Nf6 2. c4 a6 3. Nc3 c5 4. d5 b5 5. cxb5 axb5 6. Nxb5 Qa5+ 7. Nc3 Bb7 8. Bd2 Qb6 9. e4 e6 10. Bc4 Nxe4 11. Nxe4 exd5 12. Qe2 dxe4 13. Bc3 d5 14. Bb5+ Bc6 15. Bxc6+ Nxc6 16. Nh3 Nd4 17. Bxd4 cxd4 18. O-O d3 19. Qh5 Qd6 20. Rfe1 g6 21. Qd1 Bg7 22. Qxd3 O-O 23. Rxe4 Qa6 24. Qxa6 Rxa6 25. Re2 Rb8 26. g3 Rxb2 27. Rxb2 Bxb2 28. Rd1 d4 29. Nf4 Rxa2 30. Nd5 f5 31. Ne7+ Kf7 32. Nc6 Ra4 33. Kg2 Ke6 34. Kf3 Kd5 35. Ne7+ Kc4 36. Nc6 Ra3+ 37. Ke2 d3+ 38. Ke3 Bf6 39. Rc1+ Kb5 40. Nd4+ Bxd4+ 41. Kxd4 Ra2 42. Rf1 d2 43. Kd3 d1=Q+ 44. Rxd1 Rxf2 45. Rb1+ Kc5 46. h4 Rf3+ 47. Ke2 Rxg3 48. Rb7 h5 49. Rg7 Rg4 50. Ke3 Kd5 51. Rd7+ Ke6 52. Rg7 Kf6 53. Rg8 Rxh4 54. Kf3 Kg5 55. Rf8 Rh3+ 56. Kg2 Rh4 57. Ra8 Rg4+ 58. Kh2 h4 59. Ra5 Rf4 60. Ra3 Kh5 61. Kh3 g5 62. Ra8 g4+ 63. Kh2 Rf2+ 64. Kg1 g3 65. Ra4 Kg5 66. Rb4 f4 67. Rb5+ Kg4 68. Rb3 Kh3 69. Rb1 f3 70. Rb4 Re2 71. Rb1 Re1+ 72. Rxe1 f2+ 73. Kf1 fxe1=Q+ 74. Kxe1 Kg2 75. Ke2 h3 0-1


[Site "https://www.chess.com"]

[Event "Titled Tuesday Blitz May 16 Early 2023"]
[White "Tologon tegin, Semetei"]
[Black "Senft, Sean"]
[WhiteFideId "13800574"]
[BlackFideId "2044960"]
[WhiteElo "2247"]
[BlackElo "1989"]
[Result "0-1"]
[Round "04"]
[TimeControl "180+2"]
[Date "2023.05.16"]
[WhiteClock "0:00:12"]
[BlackClock "0:00:15"]

1. d4 d5 2. Nc3 Nf6 3. Bf4 c6 4. e3 Qb6 5. Rb1 Bf5 6. f3 e6 7. g4 Bg6 8. h4 h5 9. g5 Nfd7 10. Bd3 Bxd3 11. cxd3 c5 12. dxc5 Bxc5 13. d4 Bd6 14. g6 f5 15. Nge2 Nf8 16. Qa4+ Nbd7 17. Bxd6 Qxd6 18. Nb5 Qb6 19. Rc1 Kd8 20. Kf2 Nxg6 21. Rhg1 Rh6 22. b3 a6 23. Nbc3 Rc8 24. Qa3 Rc6 25. Na4 Qc7 26. Rxc6 bxc6 27. Nc5 Qh2+ 28. Kf1 Qh3+ 29. Ke1 Qxh4+ 30. Kd2 Qe7 31. Qa5+ Ke8 32. Nxd7 Qxd7 33. Qxa6 h4 34. Qb6 h3 35. Nf4 h2 36. Rh1 Nxf4 37. Qb8+ Qd8 38. Qxf4 Qh4 39. Qb8+ Kf7 40. Qc7+ Kg8 41. Qc8+ Kh7 42. Qxc6 Qf2+ 43. Kd3 Qxf3 44. Qc1 Qe4+ 45. Kd2 Rh3 46. Qe1 Qg2+ 47. Kc1 Kg8 48. Kb1 Rf3 49. Qc1 Rf2 50. a4 Rb2+ 51. Qxb2 Qxh1+ 52. Ka2 Qg1 53. a5 h1=Q 54. a6 Qf1 55. a7 Qa6+ 56. Qa3 Qg2+ 57. Kb1 Qxa3 0-1


[Site "https://www.chess.com"]

[Event "Titled Tuesday Blitz May 16 Early 2023"]
[White "Melikyan, Gnel"]
[Black "Gatterer, Florian"]
[WhiteFideId "54109990"]
[BlackFideId "811688"]
[WhiteElo "2138"]
[BlackElo "2221"]
[Result "1-0"]
[Round "04"]
[TimeControl "180+2"]
[Date "2023.05.16"]
[WhiteClock "0:00:14"]
[BlackClock "0:00:06"]

1. e4 d5 2. exd5 Qxd5 3. Nc3 Qd8 4. g3 Nf6 5. Bg2 c6 6. Nge2 g6 7. b3 Bg7 8. Bb2 Nd5 9. O-O Nxc3 10. dxc3 O-O 11. Qxd8 Rxd8 12. Rad1 Re8 13. Rfe1 Bg4 14. h3 Bf5 15. Nd4 Bxd4 16. Rxd4 Na6 17. g4 Be6 18. Red1 Nc7 19. c4 Na6 20. Ba3 Kf8 21. f4 f5 22. g5 Kf7 23. Bf3 Rac8 24. h4 Rc7 25. h5 c5 26. Rd8 Nb4 27. hxg6+ hxg6 28. Bxb4 cxb4 29. Bd5 Bxd5 30. R1xd5 Rc6 31. Kf2 Rxd8 32. Rxd8 Ra6 33. Rd7 b6 34. Ke3 Rxa2 35. Kd3 Ra1 36. Ke2 a5 37. Rb7 a4 38. Rxb6 axb3 39. cxb3 Ra2+ 40. Ke3 Rc2 41. Rxb4 Rc3+ 42. Ke2 Rc2+ 43. Kd3 Rf2 44. Ke3 Rh2 45. c5 Rh3+ 46. Kd4 Ke6 47. Rb6+ Kf7 48. c6 Rf3 49. c7 Rxf4+ 50. Ke3 Rf1 51. c8=Q f4+ 52. Ke2 Rc1 53. Qe6+ Kg7 54. Qxg6+ 1-0


[Site "https://www.chess.com"]

[Event "Titled Tuesday Blitz May 16 Early 2023"]
[White "Guerra Tulcan, Lenin"]
[Black "Sargissyan, Sargis"]
[WhiteFideId "3601382"]
[BlackFideId "13303210"]
[WhiteElo "2368"]
[BlackElo "2109"]
[Result "1-0"]
[Round "04"]
[TimeControl "180+2"]
[Date "2023.05.16"]
[WhiteClock "0:00:39"]
[BlackClock "0:00:00"]

1. e4 c5 2. Nf3 d6 3. b4 Nf6 4. d3 cxb4 5. a3 Nc6 6. Be2 g6 7. O-O Bg7 8. axb4 Nxb4 9. Bb2 O-O 10. Nbd2 Qc7 11. Ra4 a5 12. Qa1 Bd7 13. Ra3 Rfc8 14. Rc1 Nh5 15. Bxg7 Nxg7 16. c3 Nc6 17. Rb1 Rcb8 18. c4 Ne6 19. h4 Nf4 20. Bf1 e5 21. d4 f6 22. d5 Nb4 23. Rxb4 axb4 24. Rxa8 Kg7 25. Rxb8 Qxb8 26. Qa5 b6 27. Qxb4 Qc7 28. Nb1 h5 29. Nc3 Bg4 30. Nb5 Qc8 31. Nh2 Be2 32. Qxd6 Qxc4 33. Qc7+ Kh6 34. Qxc4 1-0


[Site "https://www.chess.com"]

[Event "Titled Tuesday Blitz May 16 Early 2023"]
[White "Urbina Perez, Juan Antonio"]
[Black "Principe, Gerson"]
[WhiteFideId "2217368"]
[BlackFideId "3804550"]
[WhiteElo "2197"]
[BlackElo "2229"]
[Result "1-0"]
[Round "04"]
[TimeControl "180+2"]
[Date "2023.05.16"]
[WhiteClock "0:00:21"]
[BlackClock "0:00:00"]

1. e4 c5 2. Nf3 e6 3. g3 Nc6 4. Bg2 Nf6 5. Qe2 d5 6. exd5 Nxd5 7. O-O Be7 8. Rd1 Bf6 9. Nc3 O-O 10. Ne4 Nd4 11. Nxf6+ Nxf6 12. Nxd4 cxd4 13. d3 Qb6 14. c4 Bd7 15. Bg5 Bc6 16. Bxf6 gxf6 17. b4 Bxg2 18. Kxg2 Kh8 19. a3 Rg8 20. Qf3 e5 21. Re1 Qc6 22. Qxc6 bxc6 23. b5 Rgc8 24. a4 Kg7 25. f4 exf4 26. gxf4 Kg6 27. Kf3 Kf5 28. Re4 c5 29. a5 Rc7 30. Rg1 h5 31. Rg3 Rh8 32. h3 Rb7 33. Rg2 Rc7 34. Rge2 Rhc8 35. Re8 Rxe8 36. Rxe8 h4 37. a6 Rd7 38. Rc8 Re7 39. Rxc5+ Kg6 40. f5+ Kg5 41. Kf2 Re3 42. Rc7 Rxd3 43. Rxa7 Rd2+ 44. Ke1 Rc2 45. Rd7 Rxc4 46. a7 Ra4 47. b6 1-0


[Site "https://www.chess.com"]

[Event "Titled Tuesday Blitz May 16 Early 2023"]
[White "Reprintsev, Alexander"]
[Black "Mohammed, Zozek Salah Mohammed"]
[WhiteFideId "14100541"]
[BlackFideId "4803361"]
[WhiteElo "2218"]
[BlackElo "2211"]
[Result "0-1"]
[Round "04"]
[TimeControl "180+2"]
[Date "2023.05.16"]
[WhiteClock "0:00:00"]
[BlackClock "0:00:18"]

1. e4 e6 2. d4 d5 3. Nc3 Nf6 4. Bg5 Bb4 5. e5 h6 6. exf6 hxg5 7. fxg7 Rg8 8. a3 Bxc3+ 9. bxc3 Rxg7 10. h4 Nd7 11. Qh5 Nf6 12. Qf3 g4 13. Qf4 Ne4 14. Bd3 Nxc3 15. h5 Ne4 16. h6 Rg8 17. h7 Rh8 18. Bxe4 dxe4 19. Qxe4 Qg5 20. Ne2 Qg6 21. Qxg6 fxg6 22. Kd2 Kf7 23. Rh4 Bd7 24. Rah1 Kg7 25. Ke3 Raf8 26. Nf4 Rf5 27. Rxg4 Rxh7 28. Rxg6+ Kh8 29. Rgh6 Rxh6 30. Rxh6+ Kg7 31. Rh5 Rf8 32. Rc5 c6 33. g3 Kf6 34. Ra5 a6 35. Rh5 Rg8 36. Rh7 Bc8 37. c4 Rg5 38. c5 e5 39. dxe5+ Rxe5+ 40. Kd4 Re8 41. Rc7 Rd8+ 42. Kc3 Ke5 43. Nd3+ Kd5 44. f3 Rf8 45. g4 a5 46. a4 Re8 47. Kd2 Kc4 48. Nf4 Kxc5 49. g5 Kd6 50. Rf7 b5 51. g6 Be6 52. Ra7 Bb3 53. axb5 a4 0-1


[Site "https://www.chess.com"]

[Event "Titled Tuesday Blitz May 16 Early 2023"]
[White "Horak, Martin"]
[Black "Tarasova, Viktoriya"]
[WhiteFideId "367095"]
[BlackFideId "4175840"]
[WhiteElo "2091"]
[BlackElo "2182"]
[Result "0-1"]
[Round "04"]
[TimeControl "180+2"]
[Date "2023.05.16"]
[WhiteClock "0:00:00"]
[BlackClock "0:00:11"]

1. e4 e5 2. Nc3 Nf6 3. Bc4 Bc5 4. d3 h6 5. f4 exf4 6. Bxf4 d6 7. Nf3 O-O 8. Qd2 c6 9. O-O-O d5 10. exd5 cxd5 11. Bb3 Nc6 12. Rde1 Be6 13. Ne5 Nd4 14. Rhf1 Bb4 15. Qf2 Nxb3+ 16. axb3 Nh7 17. Qg3 Kh8 18. Bd2 Rc8 19. Kb1 Bd6 20. d4 a6 21. Qf3 Qc7 22. Qh5 b5 23. Rd1 b4 24. Bxh6 gxh6 25. Qxh6 bxc3 26. Rf4 cxb2 27. Rd2 Bxe5 28. Rh4 f6 29. dxe5 Qg7 30. Qh5 fxe5 31. Re2 e4 32. Re1 Rf2 0-1


[Site "https://www.chess.com"]

[Event "Titled Tuesday Blitz May 16 Early 2023"]
[White "Gutkin, Ilya"]
[Black "Hossain, Enamul"]
[WhiteFideId "16203470"]
[BlackFideId "10200649"]
[WhiteElo "2265"]
[BlackElo "2433"]
[Result "0-1"]
[Round "04"]
[TimeControl "180+2"]
[Date "2023.05.16"]
[WhiteClock "0:00:00"]
[BlackClock "0:00:50"]

1. Nf3 Nf6 2. g3 g6 3. b3 Bg7 4. Bb2 O-O 5. Bg2 c5 6. c4 d6 7. d4 d5 8. dxc5 dxc4 9. O-O Qa5 10. bxc4 Rd8 11. Qb3 Qxc5 12. Nc3 Nc6 13. Qb5 Nd7 14. Rfd1 a6 15. Qxc5 Nxc5 16. Rxd8+ Nxd8 17. Rd1 Be6 18. Ba3 Bxc3 19. Bxc5 Nc6 20. Ng5 Bg4 21. Kf1 h6 22. Ne4 Bg7 23. Bb6 Rc8 24. c5 Nd4 25. f3 Be6 26. Rd2 Nf5 27. Kf2 Bd4+ 28. Ke1 Bg1 29. h4 Ne3 30. Bf1 Nd5 31. Bh3 f5 32. Kf1 Be3 33. Rb2 Kf7 0-1


[Site "https://www.chess.com"]

[Event "Titled Tuesday Blitz May 16 Early 2023"]
[White "Koutsin, Sergey"]
[Black "Staudenhocker43"]
[WhiteFideId "14101483"]
[WhiteElo "2381"]
[BlackElo "2528"]
[Result "1-0"]
[Round "04"]
[TimeControl "180+2"]
[Date "2023.05.16"]
[WhiteClock "0:00:13"]
[BlackClock "0:00:06"]

1. d4 Nf6 2. c4 g6 3. Nc3 Bg7 4. e4 d6 5. Nf3 O-O 6. Be2 e5 7. O-O Nc6 8. d5 Ne7 9. Ne1 Nd7 10. Be3 f5 11. f3 f4 12. Bf2 g5 13. a4 a5 14. Nd3 b6 15. b4 axb4 16. Nxb4 Nf6 17. a5 bxa5 18. Nc6 Nxc6 19. dxc6 Rf7 20. c5 Bf8 21. Bc4 g4 22. Qb3 d5 23. Nxd5 Kg7 24. Nxf4 exf4 25. Bxf7 gxf3 26. gxf3 Qe7 27. Bd5 Bh3 28. Kh1 Bxf1 29. Rxf1 Qe5 30. Qd3 Be7 31. Bd4 Qh5 32. Qc3 Qh4 33. Be6 Rf8 34. Be5 Kh6 35. Bxc7 Nh5 36. Rg1 Rf6 37. Bd7 Ng3+ 38. Rxg3 fxg3 39. Bxg3 Qg5 40. c7 Rf8 41. c8=Q Rxc8 42. Bxc8 Bf6 43. e5 Be7 44. f4 Qh5 45. Qd3 Bxc5 46. Bb7 Qf7 47. Bf3 Qa2 48. f5 Qa1+ 49. Kg2 Qb2+ 50. Kh3 a4 51. f6 a3 52. Bf4# 1-0


[Site "https://www.chess.com"]

[Event "Titled Tuesday Blitz May 16 Early 2023"]
[White "Goncalves, Davi Sulzbacher"]
[Black "Krsnik Cohar, Ivan Vihor"]
[WhiteFideId "2154510"]
[BlackFideId "14520044"]
[WhiteElo "2182"]
[BlackElo "2414"]
[Result "0-1"]
[Round "04"]
[TimeControl "180+2"]
[Date "2023.05.16"]
[WhiteClock "0:00:00"]
[BlackClock "0:00:04"]

1. Nf3 Nf6 2. g3 e6 3. Bg2 d5 4. O-O Be7 5. c4 dxc4 6. Na3 Bxa3 7. Qa4+ Bd7 8. Qxa3 Bc6 9. Rd1 Qd6 10. Qc3 O-O 11. Qxc4 Nbd7 12. d3 Nb6 13. Qc2 e5 14. Be3 Rfd8 15. Bc5 Qd5 16. Nh4 Qe6 17. Bxc6 Qxc6 18. Rac1 Rd7 19. a3 Nbd5 20. e4 Ne7 21. Bxe7 Qxc2 22. Rxc2 Rxe7 23. Rdc1 c6 24. Kf1 g6 25. Ke2 Rd8 26. Ng2 Red7 27. Rc3 Rd4 28. Ne3 Nd7 29. Nc4 f6 30. b4 Kf7 31. Na5 Rb8 32. Nb3 Rd6 33. a4 Nf8 34. f4 Ne6 35. fxe5 fxe5 36. a5 b6 37. Rxc6 Rxc6 38. Rxc6 bxa5 39. Nxa5 Nd4+ 40. Kd2 Nxc6 41. Nxc6 Rb6 42. Nxe5+ Ke6 43. d4 Rxb4 44. Kc3 Rb1 45. Ng4 a5 46. d5+ Kd6 47. Ne3 Kc5 48. e5 a4 49. d6 Kc6 50. Nc4 Rb3+ 51. Kd4 Rf3 52. Ke4 Rf1 0-1


[Site "https://www.chess.com"]

[Event "Titled Tuesday Blitz May 16 Early 2023"]
[White "Goswami, Vedant"]
[Black "Gonzalez, Francisco Silva"]
[WhiteFideId "5003725"]
[BlackFideId "1512285"]
[WhiteElo "2011"]
[BlackElo "2074"]
[Result "0-1"]
[Round "04"]
[TimeControl "180+2"]
[Date "2023.05.16"]
[WhiteClock "0:00:00"]
[BlackClock "0:00:33"]

1. b3 d5 2. Bb2 Bf5 3. e3 e6 4. Nf3 h6 5. Bd3 Nf6 6. Bxf5 exf5 7. d3 Bb4+ 8. Nbd2 c6 9. a3 Ba5 10. Nd4 g6 11. h3 h5 12. O-O O-O 13. b4 Bb6 14. c4 Re8 15. cxd5 cxd5 16. Rc1 Nbd7 17. N2f3 a6 18. Qb3 Qe7 19. Rc2 Rac8 20. Rfc1 Rxc2 21. Qxc2 Qd6 22. Ne2 Nf8 23. Qc3 Bd8 24. Qc5 Qxc5 25. Rxc5 Ne6 26. Rc2 Be7 27. Kf1 Rb8 28. Ke1 Kf8 29. Kd2 Ke8 30. Ned4 Nd7 31. Nxe6 fxe6 32. Nd4 Nf8 33. Nf3 Nd7 34. Nd4 Nf8 35. Nf3 Bd6 36. Be5 Kd7 37. d4 b6 38. h4 Rb7 39. Bxd6 Kxd6 40. Ne5 Rc7 41. Rxc7 Kxc7 42. Kc3 Kd6 43. a4 Kc7 44. f3 Kd6 45. Kd3 Kc7 46. Ke2 Kd8 47. Kf2 Ke7 48. Nc6+ Kd6 49. Ne5 Ke7 50. a5 bxa5 51. bxa5 Kd6 52. Kg3 Nd7 53. Nxg6 Kc6 54. Nf4 Nf8 55. Nxh5 Kb5 56. Ng7 Kxa5 57. h5 Kb4 58. Ne8 a5 59. Nc7 a4 60. Na6+ Kc3 61. Nc7 Kb4 62. Na6+ Kc4 0-1


[Site "https://www.chess.com"]

[Event "Titled Tuesday Blitz May 16 Early 2023"]
[White "Ramirez Vido, Robert Yorisan"]
[Black "Bagwe Gaurang"]
[WhiteFideId "3513823"]
[BlackFideId "45039895"]
[WhiteElo "2366"]
[BlackElo "1847"]
[Result "0-1"]
[Round "04"]
[TimeControl "180+2"]
[Date "2023.05.16"]
[WhiteClock "0:00:00"]
[BlackClock "0:00:29"]

1. f4 e5 2. fxe5 d6 3. exd6 Bxd6 4. Nf3 Nf6 5. d4 O-O 6. Bg5 h6 7. Bxf6 Qxf6 8. e4 Re8 9. Bd3 Nc6 10. c3 Bg4 11. O-O Qf4 12. e5 Nxe5 13. dxe5 Bxe5 14. Qc1 Qf6 15. h3 Qb6+ 16. Kh1 Rad8 17. Qc2 Bxf3 18. Rxf3 Bg3 19. Nd2 Re3 20. Nc4 Rxf3 21. Nxb6 Rfxd3 22. Nc4 b5 23. Na3 Rd2 24. Qe4 Rd1+ 0-1


[Site "https://www.chess.com"]

[Event "Titled Tuesday Blitz May 16 Early 2023"]
[White "Kuznetsov, Mikhail"]
[Black "Chabris, Christopher"]
[WhiteFideId "4117190"]
[BlackFideId "2005263"]
[WhiteElo "1981"]
[BlackElo "2367"]
[Result "0-1"]
[Round "04"]
[TimeControl "180+2"]
[Date "2023.05.16"]
[WhiteClock "0:00:00"]
[BlackClock "0:00:02"]

1. Nf3 Nf6 2. g3 e6 3. Bg2 d5 4. O-O b5 5. d3 c5 6. c4 Be7 7. cxb5 a6 8. bxa6 Rxa6 9. b3 O-O 10. Bb2 Bb7 11. Nbd2 Nc6 12. Ne5 Nxe5 13. Bxe5 Qa8 14. Qc2 Nd7 15. Bc3 Rb8 16. a4 e5 17. e4 Bg5 18. f4 exf4 19. gxf4 Bf6 20. e5 d4 21. Bxb7 Qxb7 22. Bb2 Bxe5 23. fxe5 Rg6+ 24. Kf2 Qg2+ 25. Ke1 Re8 26. Kd1 Rxe5 27. a5 Re2 28. a6 Rxd2+ 29. Qxd2 Qxf1+ 30. Kc2 Qf3 31. a7 Nb6 32. Re1 h5 33. Re2 Qb7 34. Re8+ Kh7 35. Qd1 Rg5 36. Qe1 Qxa7 37. Qe4+ g6 38. Bxd4 cxd4 39. Qxd4 Qc7+ 0-1


[Site "https://www.chess.com"]

[Event "Titled Tuesday Blitz May 16 Early 2023"]
[White "Ginzburg, Yakov"]
[Black "Matveeva, Olga"]
[WhiteFideId "4157176"]
[BlackFideId "24107018"]
[WhiteElo "2305"]
[BlackElo "2009"]
[Result "1-0"]
[Round "04"]
[TimeControl "180+2"]
[Date "2023.05.16"]
[WhiteClock "0:00:11"]
[BlackClock "0:00:00"]

1. e4 e6 2. d4 d5 3. Nc3 Nf6 4. Bg5 Bb4 5. e5 h6 6. exf6 hxg5 7. fxg7 Rg8 8. h4 gxh4 9. Qh5 Qf6 10. Rxh4 Qxg7 11. Nf3 Nc6 12. O-O-O Bxc3 13. bxc3 Bd7 14. Rf4 Qf8 15. Ng5 Rg7 16. Nh7 Qa3+ 17. Kd2 O-O-O 18. Rxf7 Rxf7 19. Qxf7 e5 20. Rb1 exd4 21. Rb3 dxc3+ 22. Kxc3 d4+ 23. Kd2 Qxa2 24. Nf6 Qa5+ 25. Kd1 Ne5 26. Qe7 Bf5 27. Qb4 Qa1+ 28. Rb1 Bxc2+ 29. Kxc2 d3+ 30. Kd1 Qa6 31. Ne4 1-0


[Site "https://www.chess.com"]

[Event "Titled Tuesday Blitz May 16 Early 2023"]
[White "Topalov, Aleksandar"]
[Black "Karas, Marek"]
[WhiteFideId "925659"]
[BlackFideId "14928558"]
[WhiteElo "2151"]
[BlackElo "2233"]
[Result "1-0"]
[Round "04"]
[TimeControl "180+2"]
[Date "2023.05.16"]
[WhiteClock "0:01:07"]
[BlackClock "0:01:18"]

1. b3 e5 2. Bb2 Nc6 3. c4 Nf6 4. e3 d5 5. cxd5 Nxd5 6. a3 Be7 7. Qc2 O-O 8. Nf3 Bf6 9. d3 Re8 10. Nbd2 Nb6 11. Ne4 Bf5 12. Nxf6+ Qxf6 13. Be2 Rad8 14. O-O Qd6 15. Rfd1 h6 16. Rac1 a6 17. Qc3 Nd5 18. Qc4 Nf6 19. d4 exd4 20. Nxd4 Nxd4 21. Rxd4 Qe6 22. Qxc7 b5 23. Rxd8 Qxb3 24. Bxf6 1-0


[Site "https://www.chess.com"]

[Event "Titled Tuesday Blitz May 16 Early 2023"]
[White "Yanayt, Eugene"]
[Black "Tokman, Ariel"]
[WhiteFideId "2020165"]
[BlackFideId "117420"]
[WhiteElo "2083"]
[BlackElo "2263"]
[Result "0-1"]
[Round "04"]
[TimeControl "180+2"]
[Date "2023.05.16"]
[WhiteClock "0:00:17"]
[BlackClock "0:00:08"]

1. d4 c5 2. d5 d6 3. c4 Nf6 4. Nc3 g6 5. Nf3 Bg7 6. Nd2 O-O 7. e4 e6 8. Be2 Na6 9. O-O Nc7 10. a4 Na6 11. Ra3 Nb4 12. Re1 Re8 13. f4 Rb8 14. Kh1 b6 15. e5 Nd7 16. exd6 exd5 17. Nxd5 Nxd5 18. cxd5 Nf6 19. Bf3 Rxe1+ 20. Qxe1 Qxd6 21. Nc4 Qd8 22. Re3 Bb7 23. d6 Bxf3 24. Rxf3 Qd7 25. f5 Qxa4 26. b3 Qa1 27. fxg6 hxg6 28. Rf1 Rd8 29. Bb2 Qxe1 30. Rxe1 Ne8 31. Bxg7 Kxg7 32. Rd1 b5 33. d7 bxc4 34. dxe8=N+ Rxe8 35. bxc4 Re4 36. Rc1 Re2 37. Kg1 Ra2 38. Rd1 Kf6 39. Rd7 Ke6 40. Rc7 Ra5 41. Kf2 f6 42. Ke3 Kd6 43. Rf7 Ke6 44. Rc7 g5 45. Ke4 Ra2 46. Rc6+ Kf7 47. Kd5 Rxg2 48. Rc7+ Kg6 49. Rxa7 Rxh2 50. Kxc5 g4 51. Ra3 f5 52. Kd5 Rd2+ 53. Ke5 Re2+ 54. Kf4 Re4+ 55. Kg3 Rxc4 56. Ra6+ Kg5 57. Ra7 Rc3+ 58. Kg2 Re3 59. Kf2 Re4 60. Rg7+ Kf4 61. Rg8 Rb4 62. Ke2 Rb2+ 63. Kd3 Kf3 64. Rf8 f4 65. Rg8 g3 66. Rb8 Rxb8 0-1


[Site "https://www.chess.com"]

[Event "Titled Tuesday Blitz May 16 Early 2023"]
[White "Melikhov, Evgeny V."]
[Black "Estrada Nieto, Julian"]
[WhiteFideId "4122046"]
[BlackFideId "5101018"]
[WhiteElo "2158"]
[BlackElo "2161"]
[Result "0-1"]
[Round "04"]
[TimeControl "180+2"]
[Date "2023.05.16"]
[WhiteClock "0:00:25"]
[BlackClock "0:00:31"]

1. d4 d5 2. c4 dxc4 3. Nf3 Nf6 4. e3 e6 5. Bxc4 c5 6. O-O a6 7. a4 Nc6 8. Qe2 Be7 9. Rd1 Qc7 10. h3 O-O 11. Nc3 Rd8 12. b3 b6 13. d5 exd5 14. Nxd5 Nxd5 15. Bxd5 Bb7 16. Bb2 Nd4 17. Nxd4 Rxd5 18. Nf3 Rad8 19. Rxd5 Rxd5 20. Rd1 Qd7 21. Rxd5 Qxd5 22. Qc2 Qe4 23. Qc3 Bf6 24. Qd2 Qb1+ 25. Bc1 Bxf3 26. gxf3 Qxb3 27. Qd6 h5 28. Qb8+ Kh7 29. a5 Qd1+ 30. Kg2 bxa5 31. Ba3 c4 32. Qf4 Qd5 33. e4 Qg5+ 34. Qxg5 Bxg5 35. Kf1 c3 0-1


[Site "https://www.chess.com"]

[Event "Titled Tuesday Blitz May 16 Early 2023"]
[White "Maxfan2008"]
[Black "Barbot, Pierre"]
[BlackFideId "663727"]
[WhiteElo "2523"]
[BlackElo "2431"]
[Result "1-0"]
[Round "04"]
[TimeControl "180+2"]
[Date "2023.05.16"]
[WhiteClock "0:01:35"]
[BlackClock "0:00:00"]

1. d4 Nf6 2. c4 g6 3. Nf3 Bg7 4. g3 d5 5. cxd5 Nxd5 6. Bg2 O-O 7. O-O Nc6 8. e4 Nb6 9. d5 Na5 10. Nc3 Nac4 11. Qe2 e6 12. Rd1 Qe7 13. Bg5 f6 14. Bf4 g5 15. Bc1 h6 16. b3 Nd6 17. Bb2 exd5 18. Nxd5 Nxd5 19. Rxd5 Qxe4 20. Qd1 Qe7 21. Rc1 Be6 22. Rd2 Rfd8 23. Nd4 Bf7 24. Ba3 Qe5 25. Rc5 Qe7 26. Rc3 Qe5 27. Re3 Qa5 28. b4 1-0


[Site "https://www.chess.com"]